 Dungeon Crawl Stone Soup version 0.15.0-14-g6bbbb5c (console) character file.

1663 gw the Chopper (level 8, -1/74 HPs)
             Began as a Deep Dwarf Fighter on Sept 4, 2014.
             Slain by gw's ghost (3 damage)
             ... on Level 7 of the Dungeon.
             The game lasted 00:03:50 (5840 turns).

gw the Chopper (Deep Dwarf Fighter)                 Turns: 5840, Time: 00:03:50

HP  -1/74        AC 12     Str 20      XL: 8   Next: 69%
MP   4/4         EV  7     Int  9      God:
Gold 0           SH  0     Dex 14      Spells:  0 memorised,  7 levels left

rFire  . . .     SeeInvis .     a - +2 war axe
rCold  . . .     Clarity  .     t - +0 chain mail
rNeg   . . .     rCorr    .     (no shield)
rPois  .         rRot     .     k - +1 hat
rElec  .         Spirit   .     (no cloak)
SustAb .         Warding  .     (no gloves)
rMut   .         Stasis   .     h - +0 pair of boots
Gourm  .                        (no amulet)
MR     +....                    (no ring)
                                (no ring)

@: non-regenerating, slowed, very slow, somewhat resistant to hostile
enchantments, extremely unstealthy
A: damage resistance, recharge devices, sense surroundings 1, slow healing 3
a: Device Recharging


You were on level 7 of the Dungeon.
You were hungry.

You visited 1 branch of the dungeon, and saw 7 of its levels.

Inventory:

Hand weapons
 a - a +2 war axe (weapon)
Missiles
 l - 146 stones (quivered)
Armour
 h - a +0 pair of boots (worn)
 k - a +1 hat (worn)
 t - a +0 chain mail (worn)
Magical devices
 d - a wand of heal wounds (1)
 n - a wand of polymorph (15)
 v - a wand of paralysis (7)
Comestibles
 f - 6 bread rations
 g - a slice of pizza
 o - 4 royal jellies
 p - 2 beef jerkies
Scrolls
 e - a scroll of identify
 j - 2 scrolls of enchant armour
 u - 2 scrolls of remove curse
Potions
 c - 2 potions of haste
 i - 2 potions of curing


   Skills:
 + Level 5.3 Fighting
 * Level 7.9 Axes
 + Level 4.4 Throwing
 + Level 6.2 Armour
   Level 3.2 Shields


You had 7 spell levels left.
You didn't know any spells.

Dungeon Overview and Level Annotations

Branches:
Dungeon (7/15)             Temple (0/1) D:6

Altars:
Xom

Annotations:
D:5 Prince Ribbit
D:7 gw's ghost, experienced DDFi


Innate Abilities, Weirdness & Mutations

You are resistant to damage.
You can recharge devices by infusing magical energy.
You passively map a small area around you.
You do not heal naturally.


Message History

The orc wizard casts a spell.
The orc wizard blinks!
The orc wizard hits you but does no damage. x2
MOVING TO (2,1)
The orc wizard hits you but does no damage.
The orc wizard hits you with a dagger. Gw's ghost hits you!
MOVING TO (1,0)
The orc wizard hits you but does no damage. x2
MOVING TO (1,-8)
The orc wizard hits you but does no damage.
Gw's ghost hits you.
The orc wizard hits you but does no damage.
The orc wizard hits you with a dagger. Gw's ghost barely misses you.
MOVING TO (1,-7)
The orc wizard hits you but does no damage.
The orc wizard gestures wildly while chanting.
The orc wizard blinks!
MOVING TO (1,-6) Gw's ghost hits you.
You die...

.................#,#.#*
#.# ...######).......#
* *#.# #........#, ,
... , #### #........# ,
, , , #...
#......))#######. #...
#................ *
#...###.......##......
, #.............# ....,
, #...........g## ... *
#.).......o.W# #
#....).....ยค.# ,
###..........#
############ *


You could see an orc wizard and gw's ghost.

Table legend:
 A = Turns spent in this place as a percentage of turns spent in the entire game.
 B = Non-inter-level travel turns spent in this place as a percentage of non-inter-level travel turns spent in the entire game.
 C = Inter-level travel turns spent in this place as a percentage of turns spent in this place.
 D = Turns resting spent in this place as a percentage of non-inter-level travel turns spent in this place.
 E = Turns spent auto-exploring this place as a percentage of non-inter-level travel turns spent in this place.
 F = Non-inter-level travel turns spent in this place divided by the number of levels of this place that you've seen.
                   A       B       C       D       E      F
               +-------+-------+-------+-------+-------+----------------------
         Total | 100.0 | 100.0 |   2.0 |   0.1 |  13.9 | 276.1
       Dungeon | 100.0 | 100.0 |   2.0 |   0.1 |  13.9 | 276.1
               +-------+-------+-------+-------+-------+----------------------

Table legend:
 A = Kills in this place as a percentage of kills in entire the game.
 B = Kills by you in this place as a percentage of kills by you in the entire game.
 C = Kills by friends in this place as a percentage of kills by friends in the entire game.
 D = Other kills in this place as a percentage of other kills in the entire game.
 E = Experience gained in this place as a percentage of experience gained in the entire game.
 F = Experience gained in this place divided by the number of levels of this place that you have seen.
                   A       B       C       D       E      F
               +-------+-------+-------+-------+-------+----------------------
         Total | 100.0 | 100.0 |  -nan |  -nan | 100.0 | 339.4
       Dungeon | 100.0 | 100.0 |  -nan |  -nan | 100.0 | 339.4
               +-------+-------+-------+-------+-------+----------------------

Vanquished Creatures
  The ghost of gw the Chopper, an experienced DDFi (D:5)
  A water moccasin (D:5)
  The ghost of gw the Skirmisher, an average CeAK of Lugonu (D:3)
  A sky beast (D:5)
  A black bear (D:7)
  2 phantoms
  2 ogres (D:5)
  A scorpion (D:5)
  A goliath beetle (D:6)
  A crimson imp (D:6)
  A hound (D:4)
  2 orc priests
  A jelly (D:6)
  4 orc wizards
  An iguana (D:5)
  A worker ant (D:5)
  Ijyb (D:4)
  Jessica (D:3)
  3 adders
  A green rat (D:6)
  2 worms (D:2)
  An adder zombie (D:7)
  An adder skeleton (D:6)
  An orc skeleton (D:5)
  An ooze (D:1)
  5 giant geckos
  15 orcs
  16 bats
  4 giant cockroaches
  7 hobgoblins
  10 jackals
  11 kobolds
  2 ball pythons (D:6)
  A giant gecko skeleton (D:5)
  6 giant newts
  14 goblins
  6 quokkas
  A quokka skeleton (D:7)
  11 rats
143 creatures vanquished.

Vanquished Creatures (others)
  A fungus (D:6)
1 creature vanquished.

Grand Total: 144 creatures vanquished

Notes
Turn   | Place    | Note
--------------------------------------------------------------
     0 | D:1      | gw, the Deep Dwarf Fighter, began the quest for the Orb.
     0 | D:1      | Reached XP level 1. HP: 20/20 MP: 1/1
   196 | D:1      | Reached XP level 2. HP: 27/27 MP: 2/2
   816 | D:1      | Reached skill level 1 in Throwing
   987 | D:2      | Reached XP level 3. HP: 30/33 MP: 3/3
  2124 | D:3      | Reached XP level 4. HP: 14/42 MP: 4/4
  2225 | D:3      | Reached skill level 4 in Axes
  2238 | D:3      | Reached XP level 5. HP: 35/49 MP: 5/5
  2432 | D:3      | Noticed Jessica
  2465 | D:3      | Killed Jessica
  2500 | D:3      | Noticed gw's ghost (average CeAK)
  2519 | D:3      | Killed gw's ghost
  2519 | D:3      | Reached XP level 6. HP: 22/57 MP: 5/5
  2794 | D:4      | Noticed Ijyb
  2823 | D:4      | Killed Ijyb
  3096 | D:4      | Reached skill level 5 in Axes
  3291 | D:4      | Found a shimmering altar of Xom.
  3458 | D:5      | Entered Level 5 of the Dungeon
  3552 | D:5      | Reached XP level 7. HP: 31/64 MP: 5/5
  3629 | D:5      | Reached skill level 5 in Armour
  3726 | D:5      | Noticed gw's ghost (experienced DDFi)
  3769 | D:5      | Killed gw's ghost
  3769 | D:5      | Reached skill level 6 in Axes
  3933 | D:5      | Reached XP level 8. HP: 27/73 MP: 5/5
  4062 | D:5      | Reached skill level 7 in Axes
  4369 | D:5      | Reached skill level 5 in Fighting
  4591 | D:6      | Noticed Prince Ribbit
  4640 | D:6      | Found a staircase to the Ecumenical Temple.
  5076 | D:6      | Found a glowing drain.
  5733 | D:7      | Noticed gw's ghost (experienced DDFi)
  5838 | D:7      | HP: 2/74 [gw's ghost (3)]
  5840 | D:7      | Slain by gw's ghost

Action                   |  1- 3 |  4- 6 |  7- 9 || total
-------------------------+-------+-------+-------++-------
Melee: War axe           |   129 |   170 |   202 ||   501
Throw: Stone             |    77 |   125 |   101 ||   303
 Abil: Device Recharging |       |     2 |     2 ||     4
Evoke: Wand              |     2 |     8 |    15 ||    25
  Use: Scroll            |     6 |     1 |     3 ||    10
       Potion            |     4 |     2 |     3 ||     9
  Eat: Chunk             |     4 |     5 |     7 ||    16

Vault maps used:
D:1:      matt_arrival_los_fun
D:2:      minmay_stone_trees_small, grunt_ministairs_8
D:3:      uniq_jessica
D:4:      xom_teletrap_fun, uniq_iyjb
D:5:      first_bread
D:6:      minmay_temple_entry_glassed_door, serial_aquarium,
          aquarium_bridge_island_small, aquarium_window_fake, aquarium_window_3,
          aquarium_view_2c, aquarium_view_2a, aquarium_balcony_3b,
          portal_sewer_entry_a, uniq_prince_ribbit1
D:7:      black_bear_nest_2
